 Dungeon Crawl Stone Soup version 0.30-a0-170-g85af917532 (webtiles) character file.

Game seed: 13803693893114028877

175 qw the Chopper (level 5, -2/32 HPs)
             Began as a Gargoyle Fighter on Sept 30, 2022.
             Slain by a wight
             ... wielding a +3 halberd
              (4 damage)
             ... on level 4 of the Dungeon.
             The game lasted 00:01:00 (3935 turns).

qw the Chopper (Gargoyle Fighter)                   Turns: 3935, Time: 00:01:00

Health: -2/32      AC: 12    Str: 22    XL:     5   Next: 55%
Magic:  0/5        EV:  9    Int:  8    God:
Gold:   9          SH:  4    Dex:  9    Spells: 4/4 levels left

rFire   . . .      SeeInvis .    Y - +0 war axe
rCold   . . .      Faith    .    c - +0 buckler
rNeg    + . .      Spirit   +    b - +0 scale mail
rPois   inf        Reflect  .    (no helmet)
rElec   +          Harm     .    (no cloak)
rCorr   .          Rampage  .    (no gloves)
Will    .....                    k - +0 pair of boots
Stlth   ..........               f - amulet of guardian spirit
HPRegen 0.10/turn                (no ring)
MPRegen 0.09/turn                (no ring)

@: about to teleport
A: sickness immunity, AC +4, negative energy resistance 1, electricity
resistance, torment resistance 1, petrification resistance
a: no special abilities


You were on level 4 of the Dungeon.
You visited 1 branch of the dungeon, and saw 4 of its levels.

You collected 189 gold pieces.
You spent 180 gold pieces at shops.


Innate Abilities, Weirdness & Mutations

You are immune to sickness and miasma.
Your stone body is resilient. (AC +4)
You are immune to poison.
You resist negative energy. (rN+)
You are resistant to electric shocks. (rElec)
You are resistant to unholy torment.
You are immune to petrification.


   Skills:
 + Level 3.4 Fighting
 - Level 5.0 Axes
 - Level 3.2 Armour
 - Level 3.2 Shields


You had 4 spell levels left.
You didn't know any spells.
Your spell library was empty.

Inventory:

Hand Weapons
 g - a +0 whip
 Y - a +0 war axe (weapon)
Armour
 a - a +2 leather armour of fire resistance
 b - a +0 scale mail (worn)
 c - a +0 buckler (worn)
 k - a +0 pair of boots (worn)
Jewellery
 f - an amulet of guardian spirit (around neck)
 p - a ring of see invisible
Scrolls
 n - 2 scrolls of enchant weapon {unknown}
 r - a scroll of fear {unknown}
Potions
 d - 3 potions of might
 h - a potion of haste {unknown}
 j - a potion of flight {unknown}
 l - 2 potions of ambrosia {unknown}
 m - a potion of degeneration {unknown}
 o - a potion of lignification {unknown}
 q - a potion of mutation {unknown}

Dungeon Overview and Level Annotations

Branches:
Dungeon (4/15)
 Temple: D:4-7

Altars:
Dithmenos
Elyvilon
Hepliaklqana

Shops:
D:4 =


Message History

3639 ||| READING 2 scrolls of teleportation.
As you read the scroll of teleportation, it crumbles to dust.
You feel strangely unstable. The quokka bites you. The wight barely misses you.
You hit the quokka.
The quokka is heavily wounded.
The quokka bites you. The wight barely misses you.
The quokka bites you but does no damage.
You slash the quokka!
You kill the quokka!
Your surroundings suddenly seem different.
You start resting.
Magic restored.
You start resting.
HP restored.
3925 ||| Stepping ~*~*~tactically~*~*~ (hiding).
You start waiting.
A wight is nearby!
The wight misses you.
You hit the wight but do no damage. The wight closely misses you.
The wight hits you with a +3 halberd.
You closely miss the wight. The wight hits you with a +3 halberd!
You slash the wight!
The wight is heavily damaged.
The wight barely misses you.
You closely miss the wight.
The wight is heavily damaged.
The wight hits you with a +3 halberd! You block the wight's attack.
3933 ||| READING scroll of teleportation.
As you read the scroll of teleportation, it crumbles to dust.
You feel strangely unstable. The wight hits you with a +3 halberd.
You hit the wight but do no damage.
The wight is heavily damaged.
You block the wight's attack.
You barely miss the wight.
The wight is heavily damaged.
The wight hits you with a +3 halberd.
You die...

....### #...#....# .# ....#
##.......)# ....### #?...######
..#...# #.)..# .%....# #%...#
......# .......... ..#...####
#####.##### ######## ......#..#
#.###z# #. #......# .........##
#...@.# #>##......#
#..##.....####.#### #..#......#
...###..#......########.#......#
..>##...#......................#
...##..#........#....##.#.<%...#
........................#......#
....)###..###.###########......#
..................... ########
......###.#........##


You could see a wight.

Vanquished Creatures
  A phantom (D:4)
  Terence (D:3)
  2 adders (D:3)
  A dart slug (D:3)
  An orc (D:3)
  5 ball pythons
  6 endoplasms
  A giant cockroach (D:4)
  5 goblins
  4 hobgoblins
  6 kobolds
  4 quokkas
  8 bats
  2 frilled lizards
  4 rats
51 creatures vanquished.

Notes
Turn   | Place    | Note
-------+----------+-------------------------------------------
     0 | D:1      | qw the Gargoyle Fighter began the quest for the Orb.
     0 | D:1      | Reached XP level 1. HP: 14/14 MP: 1/1
     0 | D:1      | 0 ||| qw: Version: 0.2-a-13-gfc7b4b4
     0 | D:1      | 0 ||| qw: Game counter: 1687
     0 | D:1      | 0 ||| qw: Always use a shield: true
     0 | D:1      | 0 ||| qw: God list: Okawaru
     0 | D:1      | 0 ||| qw: Allow faded altars: false
     0 | D:1      | 0 ||| qw: Do Orc after D:15 true
     0 | D:1      | 0 ||| qw: Do second Lair branch before Depths: true
     0 | D:1      | 0 ||| qw: Lair rune preference: random
     0 | D:1      | 0 ||| qw: Plans: Normal, Zot:1-4, God:TSO, Crypt, Tomb,
                  | Pan, Slime:5, Hells, Abyss, Orb
     0 | D:1      | 0 ||| PLANNING D:1-11
   146 | D:1      | Reached skill level 2 in Axes
   426 | D:1      | Reached XP level 2. HP: 19/19 MP: 2/2
   599 | D:1      | Found a faded altar of an unknown god.
  1065 | D:1      | 1065 ||| DROPPING scarf of shadows.
  1066 | D:1      | 1066 ||| READING scroll labelled WOGYSOMOMU.
  1069 | D:1      | 1069 ||| DRINKING 2 yellow potions.
  1070 | D:1      | 1070 ||| DROPPING potion of invisibility.
  1273 | D:2      | Reached skill level 3 in Axes
  1276 | D:2      | Found a shadowy altar of Dithmenos.
  1417 | D:2      | 1417 ||| Stepping ~*~*~tactically~*~*~ (stealth).
  1490 | D:2      | Reached XP level 3. HP: 23/23 MP: 3/3
  1785 | D:2      | 1785 ||| UPGRADING to amulet of guardian spirit.
  1790 | D:2      | 1790 ||| READING scroll labelled FYXZIUNICW.
  2037 | D:3      | Found a hazy altar of Hepliaklqana.
  2207 | D:3      | Found a shadowy altar of Dithmenos.
  2351 | D:3      | Reached XP level 4. HP: 28/28 MP: 4/4
  2712 | D:3      | Noticed Terence
  2724 | D:3      | HP: 5/28 [Terence/+0 short sword (3)]
  2725 | D:3      | 2725 ||| READING 2 scrolls of teleportation.
  3078 | D:3      | Killed Terence
  3079 | D:3      | Reached skill level 4 in Axes
  3165 | D:3      | 3165 ||| UPGRADING to +0 pair of boots.
  3170 | D:3      | 3170 ||| READING scroll labelled FUNAUL HYGO.
  3171 | D:3      | 3171 ||| DRINKING 2 fuming dark potions.
  3281 | D:4      | Found a white marble altar of Elyvilon.
  3312 | D:4      | Found Vofroav's Jewellery Boutique.
  3315 | D:4      | 3315 ||| SHOPLISTING +4 ring of protection (432 gold, have
                  | 189).
  3315 | D:4      | 3315 ||| SHOPLISTING amulet of the acrobat (360 gold, have
                  | 189).
  3315 | D:4      | 3315 ||| SHOPLISTING ring of ice (300 gold, have 189).
  3315 | D:4      | 3315 ||| BUYING ring of see invisible (180 gold).
  3315 | D:4      | Bought a ring of see invisible for 180 gold pieces
  3315 | D:4      | 3315 ||| SHOPLISTING ring of see invisible (180 gold, have
                  | 9).
  3315 | D:4      | 3315 ||| SHOPLISTING ring of willpower (300 gold, have 9).
  3324 | D:4      | Noticed a phantom
  3349 | D:4      | Killed a phantom
  3350 | D:4      | Reached skill level 5 in Axes
  3350 | D:4      | Reached XP level 5. HP: 13/32 MP: 3/5
  3620 | D:4      | 3620 ||| Stepping ~*~*~tactically~*~*~ (hiding).
  3621 | D:4      | 3621 ||| Stepping ~*~*~tactically~*~*~ (hiding).
  3629 | D:4      | HP: 3/32 [wight/+3 halberd (7)]
  3630 | D:4      | 3630 ||| READING 3 scrolls of teleportation.
  3631 | D:4      | 3631 ||| DRINKING potion of heal wounds.
  3635 | D:4      | 3635 ||| Stepping ~*~*~tactically~*~*~ (hiding).
  3638 | D:4      | HP: 8/32 [wight/+3 halberd (2)]
  3639 | D:4      | 3639 ||| READING 2 scrolls of teleportation.
  3925 | D:4      | 3925 ||| Stepping ~*~*~tactically~*~*~ (hiding).
  3932 | D:4      | HP: 6/32 [wight/+3 halberd (12)]
  3933 | D:4      | 3933 ||| READING scroll of teleportation.
  3933 | D:4      | HP: 2/32 [wight/+3 halberd (5)]
  3935 | D:4      | Slain by a wight

Levels and vault maps discovered:
D:1:      lightli_arrival_statuegarden, layout_loops_corners,
          basic_ecumenical_altar
D:2:      layout_basic, basic_altar, minmay_misc_feat_rugged
D:3:      layout_basic, mainiacjoe_overflow_concentric_impassable,
          lemuel_doored_altar, uniq_terence
D:4:      minmay_recursive_quarters, layout_rooms, mainiacjoe_overflow_paths,
          mainiacjoe_overflow_tiny_flanked, serial_shops,
          nicolae_shop_behind_doors

Skill      XL: |  1  2  3  4 |
---------------+-------------+-----
Axes           | 2 3 5 |  5.0
Fighting       | |  3.4
Armour         | |  3.2
Shields        | |  3.2

Action                   |  1- 3 |  4- 6 || total
-------------------------+-------+-------++-------
Melee: War axe           |   103 |    78 ||   181
  Use: Scroll            |     2 |     5 ||     7
       Potion            |     1 |     2 ||     3
Armor: Scale mail        |    43 |    35 ||    78
Dodge: Dodged            |    51 |    35 ||    86
Block: Buckler           |    23 |    11 ||    34

Table legend:
 A = Non-vault XP
 B = Vault XP
 C = Vault XP percentage of total XP
 D = Non-vault monster count
 E = Vault monster count
 F = Vault count percentage of total count
                 A         B        C        D         E       F
            +---------+---------+-------+---------+---------+-------
      Total |     210 |      40 |  16.0 |      48 |       3 |   5.9
            +---------+---------+-------+---------+---------+-------
        D:1 |      25 |       0 |   0.0 |      16 |       0 |   0.0
        D:2 |       9 |       0 |   0.0 |       6 |       0 |   0.0
        D:3 |      57 |      36 |  38.7 |      17 |       1 |   5.6
        D:4 |     119 |       4 |   3.3 |       9 |       2 |  18.2
            +---------+---------+-------+---------+---------+-------
